 Dungeon Crawl Stone Soup version 0.23-a0-619-g281719c (console) character file.

74 Duffy the Magician (level 4, 0/36 HPs)
             Began as a Naga Wizard on Dec 22, 2018.
             Slain by an adder (1 damage)
             ... on level 4 of the Dungeon.
             The game lasted 00:02:49 (1717 turns).

Duffy the Magician (Naga Wizard)                    Turns: 1717, Time: 00:02:50

Health: 0/36       AC:  3    Str:  9    XL:     4   Next: 30%
Magic:  5/9        EV:  9    Int: 19    God:
Gold:   21         SH:  0    Dex: 10    Spells: 1/10 levels left

rFire    + . .     SeeInvis +   c - +0 trident
rCold    . . .     Gourm    .   (no shield)
rNeg     . . .     Faith    .   g - +1 leather armour {rF+}
rPois    +         Spirit   .   b - +0 hat
rElec    .         Reflect  .   (no cloak)
rCorr    .         Harm     .   (no gloves)
MR       .....                  (no barding)
Stlth    ++........             (no amulet)
HPRegen  0.12/turn              (no ring)
MPRegen  0.11/turn              (no ring)

@: slowed, very slow
A: large, see invisible, deformed body, poison resistance, slowness 2, slow
metabolism 1, spit poison 1, AC +1
a: Spit Poison


You were on level 4 of the Dungeon.
You were not hungry.

You visited 1 branch of the dungeon, and saw 4 of its levels.

You collected 21 gold pieces.

Inventory:

Hand Weapons
 c - a +0 trident (weapon)
Armour
 b - a +0 hat (worn)
 g - a +1 leather armour of fire resistance (worn)
Wands
 a - a wand of iceblast (11)
Scrolls
 e - 2 scrolls of teleportation {unknown}
 h - a scroll of identify {unknown}
 i - a scroll of fear {unknown}
 j - 2 scrolls of remove curse {unknown}
Potions
 f - a potion of lignification {unknown}
 k - 2 potions of curing {unknown}
 l - a potion of brilliance {unknown}
Comestibles
 d - 3 rations


   Skills:
 - Level 1.5 Dodging
 - Level 3.0 Stealth
 + Level 3.9 Spellcasting
 + Level 2.8 Conjurations
 - Level 1.0 Summonings
   Level 1.0 Translocations


You had one spell level left.
You knew the following spells:

 Your Spells              Type           Power        Failure   Level  Hunger
h - Magic Dart            Conj           ##..         6%          1    None
j - Call Imp              Summ           #.......     19%         2    ##.....
k - Mephitic Cloud        Conj/Pois/Air  #.......     36%         3    ###....
l - Conjure Flame         Conj/Fire      #.......     32%         3    ###....

Your spell library contained the following spells:

 Spells                   Type           Power        Failure   Level  Hunger
 Blink                    Tloc           N/A          19%         2    ##.....
 Slow                     Hex            #.......     30%         2    ##.....


Dungeon Overview and Level Annotations

Branches:
Dungeon (4/15)
 Temple: D:4-7

Altars:
Uskayaw
Xom

Annotations:
D:3 1 runed door, Amnesiac's ghost, novice SpBe


Innate Abilities, Weirdness & Mutations

You cannot wear boots.
Your serpentine skin is tough. (AC +1)
You have supernaturally acute eyesight. (SInv)
Armour fits poorly on your strangely shaped body.
Your system is resistant to poisons. (rPois)
You cover ground very slowly.
You have a slow metabolism.
You can spit poison.


Message History

You hear a shout!
You hear a bark!
You hear a shout!
You hear a screech!
Your crimson imp barely misses the orc.
The orc barely misses your crimson imp.
Your crimson imp hits the orc.
The orc wizard points at you and mumbles some strange words.
Your crimson imp easily resists.
The adder bites you.
Your crimson imp hits the orc but does no damage.
The orc barely misses your crimson imp. The adder misses you.
The howler monkey hoots and howls with incredible vigour!
Your crimson imp hits the orc but does no damage.
The orc barely misses your crimson imp.
The adder barely misses your crimson imp.
Your crimson imp hits the orc but does no damage.
The orc closely misses your crimson imp.
The adder bites your crimson imp.
Your crimson imp barely misses the orc.
You hear a bark!
You hear a shout!
You hear a bark!
The orc throws a tomahawk.
The tomahawk hits your crimson imp.
Your crimson imp hits the adder.
The howler monkey hits you. The adder bites you.
You die...

...............
#..#...........
#.............. #..
.......... #..##((....... .
#...oo#....... ..
#..5.5........ ...
###oSh........ #..
##@###...... .# ...
#..#.....##..##....
##.....#### ........ ###
##....### ##........
##.###.......####... .....
##...##........##..##......
#...##......##.....##...[..
##..##.....####.%..#...###.
#........#.#.......)....#.#


You could see a howler monkey, an orc wizard, an adder, 2 orcs and 2 friendly
crimson imps.

Vanquished Creatures
  A hound (D:4)
  An adder (D:2)
  An ooze (D:2)
  An adder skeleton (D:4)
  A leopard gecko (D:2)
  2 orcs (D:3)
  A bat (D:3)
  4 giant cockroaches
  6 hobgoblins
  2 kobolds
  3 frilled lizards
  2 rats
25 creatures vanquished.

Vanquished Creatures (collateral kills)
  An orc (D:4)
1 creature vanquished.

Grand Total: 26 creatures vanquished

Notes
Turn   | Place    | Note
-------+----------+-------------------------------------------
     0 | D:1      | Duffy the Naga Wizard began the quest for the Orb.
     0 | D:1      | Reached XP level 1. HP: 15/15 MP: 4/4
    20 | D:2      | Noticed a +0 dagger
    21 | D:2      | Noticed a +0 hand axe
    34 | D:2      | Reached XP level 2. HP: 1/22 MP: 1/6
   440 | D:2      | Found a hide-covered altar of Uskayaw.
   466 | D:2      | Found a shimmering altar of Xom.
   683 | D:2      | Reached XP level 3. HP: 20/28 MP: 3/7
   770 | D:2      | Learned a level 3 spell: Conjure Flame
   774 | D:2      | Learned a level 3 spell: Mephitic Cloud
  1248 | D:3      | Found a runed door.
  1251 | D:3      | Noticed Amnesiac's ghost (novice SpBe)
  1472 | D:3      | Learned a level 2 spell: Call Imp
  1619 | D:4      | Reached XP level 4. HP: 30/36 MP: 4/9
  1717 | D:4      | HP: 1/36 [howler monkey (2)]
  1717 | D:4      | Slain by an adder

Vault maps used:
D:1:      nzn_arrival_water_spiral
D:2:      dancing_weapons_uskayaw, nicolae_overflow_crystal_walls, first_ration
D:3:      ebering_ghost_sewer_d

Skill      XL: |  1  2 |
---------------+-------+-----
Conjurations   | 2 |  2.8
Dodging        | |  1.5
Stealth        | |  3.0
Spellcasting   | |  3.9
Summonings     | |  1.0
Translocations | |  1.0

Action                   |  1- 3 |  4- 6 || total
-------------------------+-------+-------++-------
Melee: Trident           |     5 |    11 ||    16
 Cast: Magic Dart        |    71 |       ||    71
       Call Imp          |     2 |     3 ||     5
 Abil: Spit Poison       |    15 |       ||    15
 Stab: Distracted        |     1 |       ||     1
  Eat: Chunk             |     1 |     1 ||     2
Armor: Robe              |     2 |       ||     2
       Leather armour    |     5 |     3 ||     8
Dodge: Dodged            |    29 |     9 ||    38

Table legend:
 A = Non-vault XP
 B = Vault XP
 C = Vault XP percentage of total XP
 D = Non-vault monster count
 E = Vault monster count
 F = Vault count percentage of total count
                 A         B        C        D         E       F
            +---------+---------+-------+---------+---------+-------
      Total |     107 |       0 |   0.0 |      26 |       0 |   0.0
            +---------+---------+-------+---------+---------+-------
        D:2 |      38 |       0 |   0.0 |      12 |       0 |   0.0
        D:3 |      20 |       0 |   0.0 |      10 |       0 |   0.0
        D:4 |      49 |       0 |   0.0 |       4 |       0 |   0.0
            +---------+---------+-------+---------+---------+-------
